 Dungeon Crawl Stone Soup version 0.31-a0-277-g31ea1f65cc (webtiles) character file.

Game seed: 5099558483030315455

8387 Newt the Skirmisher (level 11, 0/64 HPs)
             Began as a Kobold Hunter on July 15, 2023.
             Was a Believer of Hepliaklqana.
             Slain by Snorg (10 damage)
             ... on level 10 of the Dungeon.
             The game lasted 00:11:32 (10107 turns).

Newt the Skirmisher (Kobold Hunter)                Turns: 10107, Time: 00:11:32

Health: 0/64       AC: 23    Str:  8    XL:     11   Next: 54%
Magic:  11/11      EV:  9    Int:  8    God:    Hepliaklqana [**....]
Gold:   319        SH:  0    Dex: 26    Spells: 10/10 levels left

rFire   . . .        a - +2 shortbow (drain)
rCold   . . .        (shield currently unavailable)
rNeg    . . .        r - +8 chain mail of Lesser Demons {Int-4 Dex+4}
rPois   .            j - +0 helmet
rElec   .            l - +0 cloak
rCorr   +            (no gloves)
SInv    .            n - +2 pair of boots
Will    +....        (no amulet)
Stlth   ++           v - ring of willpower
HPRegen 0.30/turn    x - ring of resist corrosion
MPRegen 0.12/turn

%: no passive effects
@: studying Shields
A: reduced essence, small, no large weapons, nightstalker 3
a: Renounce Religion, Recall Ancestor, Ancestor Identity


You were on level 10 of the Dungeon.
You worshipped Hepliaklqana.
Hepliaklqana was pleased with you.
You visited 2 branches of the dungeon, and saw 11 of its levels.

You collected 723 gold pieces.
You spent 404 gold pieces at shops.

Inventory:

Hand Weapons
 a - a +2 shortbow of draining (weapon)
Armour
 c - a +0 leather armour
 j - a +0 helmet (worn)
 l - a +0 cloak (worn)
 n - a +2 pair of boots (worn)
 r - the +8 chain mail of Lesser Demons (worn) {Int-4 Dex+4}
   (You bought it in a shop on level 6 of the Dungeon)

   Int:       It affects your intelligence (-4).
   Dex:       It affects your dexterity (+4).
Jewellery
 v - a ring of willpower (left hand)
 x - a ring of resist corrosion (right hand)
Wands
 u - a wand of flame (13)
 y - a wand of iceblast (5)
 z - a wand of paralysis (4)
 B - a wand of light (3)
Scrolls
 b - 2 scrolls of butterflies
 d - 4 scrolls of teleportation
 e - 3 scrolls of revelation
 h - 5 scrolls of poison
 m - 3 scrolls of fog
 C - a scroll of enchant armour {unknown}
Potions
 f - 6 potions of curing
 g - a potion of invisibility
 i - 2 potions of brilliance
 k - 4 potions of mutation
 o - 2 potions of magic
 p - a potion of ambrosia
 q - a potion of attraction
 s - a potion of degeneration
 t - a potion of resistance
 w - a potion of might {unknown}
 A - a potion of haste {unknown}


   Skills:
 + Level 10.0 Fighting
 - Level 14.0 Ranged Weapons
 - Level 6.0 Armour
 - Level 6.0 Dodging
 - Level 6.0 Stealth
 - Level 6.0 Evocations


You had 10 spell levels left.
You didn't know any spells.
Your spell library contained the following spells:

 Spells                   Type           Power      Damage    Failure   Level
 Foxfire                  Conj/Fire      0%         2x1d4     100%        1
 Kiss of Death            Conj/Necr      0%         2d5       100%        1
 Sandblast                Erth           0%         2d4       100%        1
 Slow                     Hex            0%         N/A       100%        1
 Passwall                 Tmut/Erth      0%         N/A       100%        2
 Sublimation of Blood     Necr           0%         N/A       100%        2
 Confusing Touch          Hex            0%         N/A       100%        3
 Stone Arrow              Conj/Erth      0%         3d7       100%        3
 Vampiric Draining        Necr           0%         2d6       100%        3
 Dispel Undead            Necr           0%         3d6       100%        4
 Petrify                  Tmut/Erth      0%         N/A       100%        4
 Irradiate                Conj/Tmut      0%         3d11      100%        5
 Plasma Beam              Fire/Air       0%         2x1d10    100%        6
 Starburst                Conj/Fire      0%         6d3       100%        6


Dungeon Overview and Level Annotations

Branches:
Dungeon (10/15)            Temple (1/1) D:7
   Lair: D:8-11         Orc: D:9-12

Altars:
Cheibriados
Dithmenos
Elyvilon
Fedhas
Gozag
Hepliaklqana
Kikubaaqudgha
Makhleb
Nemelex Xobeh
Ru
Sif Muna
Trog
Uskayaw
Vehumet
Wu Jian
Zin
The Shining One

Shops:
D:6 *   D:8 *

Annotations:
D:10 Snorg


Innate Abilities, Weirdness & Mutations

Your life essence is reduced to manifest your ancestor. (-10% HP)
You are small and have problems with some larger weapons.
You are completely attuned to the shadows.


Message History

You hear a howl! x2
You shoot an arrow. The arrow hits Snorg.
You drain Snorg.
Snorg is severely wounded.
Snorg barely misses you. Snorg claws you. x2; Snorg bites you. Snorg claws you!
Snorg claws you.
You shoot an arrow. The arrow hits Snorg!
Snorg is severely wounded.
Snorg bites you. Snorg claws you but does no damage. Snorg claws you!
Snorg closely misses you. Snorg claws you but does no damage. x2
You are too injured to fight recklessly!
You are too injured to fight recklessly!
Unknown command.
Aiming: Bolt of Light
Press: ? - help, Shift-Dir - straight line, f/p - Snorg
Aim: Snorg (severely wounded, berserk, lightly drained, 74% to hit)
The bolt of light misses Snorg.
You hear a howl!
Snorg barely misses you. Snorg claws you but does no damage. Snorg claws you!
Unknown command.
Aiming: Bolt of Light
Press: ? - help, Shift-Dir - straight line, f/p - Snorg
Aim: Snorg (severely wounded, berserk, lightly drained, 74% to hit)
The bolt of light hits Snorg!
Snorg is severely wounded.
Snorg is blinded.
Snorg rages.
Fire: a) +2 shortbow (drain)
Press: ? - help, Shift-Dir - straight line, f/p - Snorg
Aim: Snorg (severely wounded, wandering, berserk, blind, lightly drained, hasn't noticed you, 75% to hit)
You shoot an arrow. The arrow closely misses Snorg.
Snorg bites you!
* * * LOW HITPOINT WARNING * * *
Snorg closely misses you. Snorg claws you but does no damage.
A howler monkey comes into view.
Aiming: Paralyse
Press: ? - help, Shift-Dir - straight line, f/p - Snorg
Aim: Snorg (severely wounded, wandering, berserk, blind, lightly drained, hasn't noticed you, chance to affect: 36%) Snorg easily resists.
Snorg closely misses you. Snorg barely misses you. x2
Unknown command.
Snorg barely misses you. Snorg claws you but does no damage. Snorg claws you!
You die...

#####'##########
### #.# #.## #..#
##<#
#####.########
#............# ##
#........<...#
...##.@.........<#
#.h.T...........#
####............#
#............#
#............#
##############


You could see Snorg (berserk, blind, drained) and a howler monkey.

Vanquished Creatures
  Erica (D:9)
  Pikel (D:4)
  A hornet (D:9)
  Prince Ribbit (D:6)
  Sigmund (D:2)
  15 yaks
  Menkaure (D:4)
  3 orc warriors
  2 sky beasts
  3 black bears
  5 centaurs
  An ogre (D:5)
  3 lemures
  4 kobold brigands
  A bullfrog (D:7)
  Blork the orc (D:6)
  A gnoll sergeant (D:6)
  3 scorpions
  8 wights
  3 killer bees (D:10)
  7 howler monkeys
  2 hounds
  3 jellies
  Crazy Yiuf (D:4)
  6 orc priests
  5 iguanas
  7 orc wizards
  Natasha (twice) (D:3)
  Robin (D:3)
  3 gnolls (D:6)
  8 adders
  3 white imps (D:7)
  2 ufetubi
  2 worms
  5 dart slugs
  31 orcs
  8 endoplasms
  5 giant cockroaches
  17 goblins
  6 hobgoblins
  6 jackals
  3 quokkas
  4 ball pythons
  3 bats
  4 frilled lizards
  18 kobolds
  5 rats
226 creatures vanquished.

Vanquished Creatures (collateral kills)
  Psyche (D:10)
  A shadow (D:10)
  A yak (D:8)
  A steam dragon (D:8)
  A wight (D:10)
  A killer bee (D:10)
  A howler monkey (D:8)
  An orc wizard (D:10)
  An orc (D:8)
  4 kobolds
13 creatures vanquished.

Vanquished Creatures (others)
  5 ancestors
  2 knights (D:10)
7 creatures vanquished.

Grand Total: 246 creatures vanquished

Notes
Turn   | Place    | Note
-------+----------+-------------------------------------------
     0 | D:1      | Newt the Kobold Hunter began the quest for the Orb.
     0 | D:1      | Reached XP level 1. HP: 12/12 MP: 1/1
   174 | D:1      | Reached XP level 2. HP: 18/18 MP: 2/2
   628 | D:1      | Reached XP level 3. HP: 23/23 MP: 3/3
  1347 | D:2      | Noticed Sigmund
  1358 | D:2      | Killed Sigmund
  1359 | D:2      | Reached skill level 5 in Fighting
  1359 | D:2      | Reached skill level 7 in Ranged Weapons
  1359 | D:2      | Reached XP level 4. HP: 22/31 MP: 4/4
  1359 | D:2      | Reached XP level 5. HP: 25/35 MP: 5/5
  1359 | D:2      | Reached XP level 6. HP: 28/40 MP: 6/6
  2513 | D:3      | Noticed Robin
  2516 | D:3      | Killed Robin
  2586 | D:3      | Noticed Natasha
  2590 | D:3      | Killed Natasha
  2591 | D:3      | Reached skill level 8 in Ranged Weapons
  2795 | D:4      | Noticed Pikel
  2920 | D:3      | Noticed Natasha
  2921 | D:3      | Killed Natasha
  3046 | D:4      | Killed Pikel
  3047 | D:4      | Reached skill level 10 in Ranged Weapons
  3047 | D:4      | Reached XP level 7. HP: 17/44 MP: 7/7
  3047 | D:4      | Reached XP level 8. HP: 19/49 MP: 8/8
  3298 | D:4      | Reached skill level 5 in Dodging
  3426 | D:4      | Found a runed translucent door.
  3429 | D:4      | Noticed Crazy Yiuf
  3438 | D:4      | Killed Crazy Yiuf
  3814 | D:4      | Noticed Menkaure
  3829 | D:4      | Killed Menkaure
  4098 | D:4      | Found an opulent altar of Gozag.
  4098 | D:4      | Found an ornate altar of the Wu Jian Council.
  4190 | D:4      | Found a blossoming altar of Fedhas.
  4461 | D:4      | Found a shadowy altar of Dithmenos.
  4570 | D:5      | Entered Level 5 of the Dungeon
  4897 | D:5      | Reached XP level 9. HP: 54/59 MP: 9/9
  5247 | D:6      | Reached skill level 11 in Ranged Weapons
  5253 | D:6      | Noticed Prince Ribbit
  5261 | D:6      | Killed Prince Ribbit
  5436 | D:6      | Found a burning altar of Makhleb.
  5517 | D:6      | Reached skill level 12 in Ranged Weapons
  5535 | D:6      | Found Deritus's Assorted Antiques.
  5538 | D:6      | Bought a crude chain mail for 152 gold pieces
  5538 | D:6      | Identified the +8 chain mail of Lesser Demons {Int-4 Dex+4}
                  | (You bought it in a shop on level 6 of the Dungeon)
  5538 | D:6      | Bought a viscous yellow potion for 14 gold pieces
  5538 | D:6      | Bought a metallic grey potion for 14 gold pieces
  5624 | D:6      | Noticed Blork the orc
  5628 | D:6      | Killed Blork the orc
  5737 | D:6      | Reached skill level 13 in Ranged Weapons
  5853 | D:6      | Reached skill level 14 in Ranged Weapons
  5853 | D:6      | Reached XP level 10. HP: 30/64 MP: 10/10
  6296 | D:7      | Identified a scroll of acquirement
  6296 | D:7      | Acquired a manual of Shields
  6308 | D:7      | Reached skill level 1 in Armour
  6434 | D:7      | Found a staircase to the Ecumenical Temple.
  6451 | Temple   | Entered the Ecumenical Temple
  6514 | Temple   | Became a worshipper of Hepliaklqana the Forgotten
  7314 | D:8      | Reached * piety under Hepliaklqana
  7315 | D:8      | Found a white marble altar of Elyvilon.
  7315 | D:8      | Found a glowing golden altar of the Shining One.
  7317 | D:8      | Found a glowing silver altar of Zin.
  7354 | D:8      | Reached skill level 5 in Armour
  8061 | D:8      | Found Lunysoyghi's General Store.
  8099 | D:8      | Bought a scroll of identify for 32 gold pieces
  8099 | D:8      | Bought a wand of iceblast (5) for 192 gold pieces
  8372 | D:9      | Reached skill level 1 in Evocations
  8800 | D:8      | Reached skill level 5 in Evocations
  8800 | D:8      | Reached XP level 11. HP: 58/61 MP: 11/11
  9111 | D:9      | Noticed Erica
  9118 | D:9      | Killed Erica
  9119 | D:9      | Reached skill level 5 in Stealth
  9411 | D:9      | Reached ** piety under Hepliaklqana
  9412 | D:9      | Remembered your ancestor Tochtli as a knight
  9549 | D:10     | Entered Level 10 of the Dungeon
  9794 | D:10     | Noticed Psyche
  9808 | D:10     | Killed Psyche
  9944 | D:10     | Reached skill level 10 in Fighting
 10092 | D:10     | Noticed Snorg
 10107 | D:10     | Slain by Snorg

Illustrated notes

Levels and vault maps discovered:
D:1:      ncdulo_watergridlock, layout_basic
D:2:      layout_loops_ring, uniq_sigmund
D:3:      layout_basic, chequers_serial_rivers_marsh,
          nicolae_twisty_statue_hallways, uniq_natasha, uniq_robin
D:4:      layout_loops_ring, mainiacjoe_overflow_concentric_impassable,
          nicolae_overflow_two_pavilions, lemuel_round_altar,
          kennysheep_generic_room_9, uniq_menkaure, uniq_pikel,
          uniq_crazy_yiuf_cottage
D:5:      layout_rooms
D:6:      layout_rooms, mainiacjoe_overflow_chevrons, serial_shops, shop,
          uniq_blork_the_orc, uniq_prince_ribbit1
D:7:      layout_rooms, temple_statues
D:8:      layout_basic, dreamdust_divine_triumvirate, serial_shops,
          nicolae_inconvenience_store
D:9:      layout_irregular_city, uniq_erica
D:10:     layout_roguey, abandoned_shop, uniq_psyche, uniq_snorg
Temple:   jpeg_temple_clearing

Skill      XL: |  1  2  3  4  5  6  7  8  9 10 11 |
---------------+----------------------------------+-----
Fighting       | 3 5 7 8 10 | 10.0
Ranged Weapons | 7 10 14 | 14.0
Dodging        | 4 6 |  6.0
Armour         | 6 |  6.0
Evocations     | 5 6 |  6.0
Stealth        | 6 |  6.0

Action                     |  1- 3 |  4- 6 |  7- 9 | 10-12 || total
---------------------------+-------+-------+-------+-------++-------
   Fire: Shortbow          |    65 |   125 |   231 |   313 ||   734
 Invoke: Ancestor Life: Kn |       |       |       |     1 ||     1
  Evoke: Wand              |       |       |       |     4 ||     4
    Use: Scroll            |     5 |     1 |     9 |     6 ||    21
         Potion            |     1 |       |       |     3 ||     4
 Armour: Leather armour    |     3 |    12 |     3 |       ||    18
         Chain mail        |       |       |    39 |   152 ||   191
  Dodge: Dodged            |     8 |    57 |    94 |    95 ||   254

Table legend: (Time is in decaauts)
 A = Elapsed time spent in this place.
 B = Non-inter-level travel time spent in this place.
 C = Inter-level travel time spent in this place.
 D = Time resting spent in this place.
 E = Time spent auto-exploring this place.
 F = Levels seen in this place.
 G = Mean time per level.
                   A        B        C        D        E       F      G
               +--------+--------+--------+--------+--------+-----+--------+
         Total |  10258 |   9842 |    416 |   2049 |   6355 |  11 |  932.5 |
       Dungeon |  10170 |   9795 |    375 |   2049 |   6318 |  10 | 1017.0 |
        Temple |     87 |     47 |     40 |      0 |     37 |   1 |   87.0 |
               +--------+--------+--------+--------+--------+-----+--------+

Top non-repeatable levels by time:
     D:4: 1757 daAuts
     D:3: 1179 daAuts
     D:8: 1170 daAuts
     D:9: 1166 daAuts
     D:6: 1101 daAuts
     D:7: 911 daAuts
     D:1: 891 daAuts
     D:2: 826 daAuts
    D:10: 587 daAuts
     D:5: 579 daAuts
  Temple: 87 daAuts
